 Dungeon Crawl Stone Soup version 0.22-a0-422-g9628fc8 (webtiles) character file.

49 dstrtnsr the Chopper (level 3, -2/51 HPs)
             Began as a Hill Orc Berserker on May 16, 2018.
             Was a Believer of Trog.
             Slain by a worm (7 damage)
             ... on level 2 of the Dungeon.
             The game lasted 00:00:59 (775 turns).

dstrtnsr the Chopper (Hill Orc Berserker)            Turns: 775, Time: 00:01:00

Health: -2/51      AC:  3    Str: 25    XL:     3   Next: 75%
Magic:  3/3        EV: 12    Int:  7    God:    Trog [**....]
Gold:   61         SH:  0    Dex: 10    Spells: 2/2 levels left

rFire    . . .     SeeInvis .   a - +0 hand axe
rCold    . . .     Gourm    .   (no shield)
rNeg     . . .     Faith    .   b - +0 animal skin
rPois    .         Spirit   .   (no helmet)
rElec    .         Reflect  .   (no cloak)
rCorr    .         Harm     .   g - +0 pair of gloves
MR       .....                  (no boots)
Stlth    ..........             (no amulet)
HPRegen  0.17/turn              (no ring)
MPRegen  0.08/turn              (no ring)

@: berserking, very quick
A: no striking features
a: Berserk, Trog's Hand, Renounce Religion


You were on level 2 of the Dungeon.
You worshipped Trog.
Trog was pleased with you.
You were very hungry.

You visited 1 branch of the dungeon, and saw 2 of its levels.

You collected 61 gold pieces.

Inventory:

Hand Weapons
 a - a +0 hand axe (weapon)
Armour
 b - a +0 animal skin (worn)
 g - a +0 pair of gloves (worn)
Scrolls
 d - 2 scrolls of identify {unknown}
 h - a scroll of remove curse {unknown}
Potions
 c - a potion of ambrosia {unknown}
 i - 2 potions of heal wounds {unknown}
Comestibles
 e - a ration {!d}
 f - 3 chunks of flesh


   Skills:
 + Level 4.3 Fighting
 * Level 5.5 Axes
 - Level 2.1 Armour
 - Level 1.5 Dodging


You had 2 spell levels left.
You didn't know any spells.
Your spell library was empty.

Dungeon Overview and Level Annotations

Branches:
Dungeon (2/15)

Altars:


Message History

There isn't anything here!
You feel a strong urge to attack something.
You are no longer berserk.
You are exhausted.
You feel yourself slow down.
There isn't anything here!
You see here a worm corpse.
You butcher the worm corpse.
f - 4 chunks of flesh (gained 2)
There isn't anything here!
You start resting.
Eating one of 4 chunks of flesh.
You eat one of the 4 chunks of flesh.
This raw flesh tastes terrible.
A worm comes into view.
A worm is nearby!
A worm is nearby!
A worm is nearby!
A worm is nearby!
The worm misses you.
You slash the worm!
The worm is heavily wounded.
The worm bites you.
You slash the worm!
The worm is almost dead.
The worm bites you!
You are too injured to fight recklessly!
You are too injured to fight recklessly!
You are too injured to fight recklessly!
A goblin comes into view.
A leopard gecko, a rat and a giant cockroach come into view.
The leopard gecko hisses angrily.
A frilled lizard comes into view.
Found 19 stones.
The goblin shouts!
You hear an angry hiss.
The goblin closely misses you.
The giant cockroach bites you but does no damage.
The goblin hits you. The giant cockroach misses you. The goblin hits you.
The giant cockroach bites you. The goblin barely misses you.
The giant cockroach closely misses you.
A hobgoblin comes into view.
The giant cockroach barely misses you.
You feel yourself speed up. The giant cockroach bites you.
You hit the hobgoblin but do no damage. You hit the giant cockroach.
The hobgoblin barely misses you.
The giant cockroach bites you but does no damage.
The hobgoblin barely misses you.
You hit the hobgoblin.
The hobgoblin is lightly wounded.
You hit the giant cockroach.
You kill the giant cockroach!
Trog accepts your kill. The hobgoblin barely misses you.
The goblin closely misses you. The hobgoblin hits you.
You see here a giant cockroach corpse.
You hit the hobgoblin but do no damage.
The hobgoblin is lightly wounded.
You slash the goblin!
You kill the goblin!
Trog accepts your kill.
You can now call upon Trog for regeneration and magic resistance.
The hobgoblin misses you.
You hit the hobgoblin but do no damage.
The hobgoblin is lightly wounded.
You barely miss the rat.
The hobgoblin hits you but does no damage.
The rat bites you but does no damage.
The hobgoblin hits you but does no damage.
You hit the hobgoblin.
You kill the hobgoblin!
Trog accepts your kill.
You hit the rat. The rat closely misses you. The rat completely misses you.
Found a stone staircase leading down.
You recover from your berserk rage.
You hit the rat.
You kill the rat!
Trog accepts your kill.
You miss the frilled lizard. The frilled lizard bites you.
* * * LOW HITPOINT WARNING * * *
You hit the frilled lizard.
You kill the frilled lizard!
Trog accepts your kill.
You see here a rat corpse.
A red film seems to cover your vision as you go berserk!
You feel yourself moving faster!
You feel mighty!
You are feeling very hungry.
The worm bites you!
* * * LOW HITPOINT WARNING * * *
You feel a strong urge to attack something.
You hit the worm.
The worm is lightly wounded.
The worm barely misses you.
You slash the worm!
The worm is almost dead.
You barely miss the worm.
The worm is almost dead.
The worm bites you!
You die...

#.#<# #.#.# #.#.#
#.#.## ###
#.#.#.#..#
#.###.#.##.#.#
#..(.........#
####....w###.###.#
#..#l.# #@..>.#
#..#..###w#####
#..#.lw††l#
......######
....### .##.# #. #


You could see a worm and a leopard gecko.

Vanquished Creatures
  An ooze (D:1)
  2 worms (D:2)
  4 giant cockroaches
  5 goblins
  6 hobgoblins
  4 jackals (D:1)
  3 kobolds (D:1)
  2 bats (D:1)
  4 frilled lizards
  4 rats
35 creatures vanquished.

Notes
Turn   | Place    | Note
-------+----------+-------------------------------------------
     0 | D:1      | dstrtnsr the Hill Orc Berserker began the quest for the Orb.
     0 | D:1      | Reached XP level 1. HP: 19/19 MP: 1/1
    96 | D:1      | HP: 8/20 [bat (1)]
    98 | D:1      | Reached XP level 2. HP: 7/27 MP: 2/2
   463 | D:1      | HP: 16/40 [jackal (3)]
   470 | D:1      | Reached skill level 5 in Axes
   470 | D:1      | Reached XP level 3. HP: 19/33 MP: 3/3
   750 | D:2      | HP: 13/33 [goblin (3)]
   755 | D:2      | HP: 10/33 [giant cockroach (1)]
   760 | D:2      | Reached ** piety under Trog
   768 | D:2      | HP: 8/34 [frilled lizard (3)]
   775 | D:2      | Slain by a worm

Vault maps used:
D:1:      dpeg_arrival_shelter

Skill      XL: |  1  2 |
---------------+-------+-----
Fighting       | 4 |  4.3
Axes           | 5 |  5.5
Armour         | |  2.1
Dodging        | |  1.5

Action                   || total
-------------------------++-------
Melee: Hand axe          ||    78
Invok: Berserk           ||     3
 Stab: Sleeping          ||     1
  Eat: Chunk             ||     1
Armor: Animal skin       ||    31
Dodge: Dodged            ||    85

Table legend:
 A = Spawn XP
 B = Non-spawn XP
 C = Spawn XP percentage of total XP
 D = Spawn monster count
 E = Non-spawn monster count
 F = Spawn count percentage of total count
 G = Total turns spent on level
                    A         B        C        D         E        F      G
               +---------+---------+-------+---------+---------+-------+---------
         Total |       0 |      70 |   0.0 |       0 |      35 |   0.0 |   775
               +---------+---------+-------+---------+---------+-------+---------
           D:1 |       0 |      40 |   0.0 |       0 |      22 |   0.0 |   714
           D:2 |       0 |      30 |   0.0 |       0 |      13 |   0.0 |    61
               +---------+---------+-------+---------+---------+-------+---------
